 Dungeon Crawl Stone Soup version 0.17.0-18-gaab0e96 (webtiles) character file.

3776 st0uf the Destroyer (level 9, -7/68 HPs)
             Began as a Demigod Conjurer on Nov 11, 2015.
             Mangled by a centaur warrior
             ... wielding a +2 lajatang of protection
              (13 damage)
             ... on level 7 of the Dungeon on Nov 12, 2015.
             The game lasted 01:07:47 (10624 turns).

st0uf the Destroyer (Demigod Conjurer)             Turns: 10624, Time: 01:07:47

Health: -7/68      AC:  7    Str: 11    XL:     9   Next: 63%
Magic:  8/23       EV: 17    Int: 25    God:
Gold:   369        SH:  0    Dex: 16    Spells: 4 memorised, 12 levels left

rFire  . . .     SeeInvis +     (no weapon)
rCold  . . .     Clarity  .     E - +1 robe {MR+}
rNeg   . . .     SustAt   +     (no shield)
rPois  .         Gourm    .     (no helmet)
rElec  .         Spirit   .     (no cloak)
rCorr  .         Warding  .     (no gloves)
rMut   .         Stasis   .     (no boots)
MR     +++..                    y - amulet of regeneration
Stlth  ++........               I - +4 ring of protection
                                u - ring of see invisible

@: extremely resistant to hostile enchantments, unstealthy
A: high mp 1, magic resistance 2, sense surroundings 1, robust 1, wild magic 1,
sustain attributes
a: no special abilities


You were on level 7 of the Dungeon.
You were not hungry.

You visited 1 branch of the dungeon, and saw 8 of its levels.

You collected 369 gold pieces.

Inventory:

Missiles
 n - 3 throwing nets (quivered)
Armour
 a - a +0 robe
 q - a +2 shield
 C - a +0 robe of fire resistance
 E - a +1 robe of magic resistance (worn)
Jewellery
 u - a ring of see invisible (left hand)
 x - an uncursed ring of protection from fire
 y - an amulet of regeneration (around neck)
 I - a +4 ring of protection (right hand)
Scrolls
 e - 5 scrolls of remove curse {unknown}
 g - a scroll of enchant weapon {unknown}
 h - a scroll of enchant armour {unknown}
 j - a scroll of identify
 k - 4 scrolls of teleportation {unknown}
 o - a scroll of fog {unknown}
 s - a scroll of magic mapping {unknown}
 v - 3 scrolls of immolation {unknown}
 z - a scroll of blinking {unknown}
 A - 4 scrolls of fear {unknown}
 G - 2 scrolls of noise {unknown}
 J - 2 scrolls of recharging {unknown}
Potions
 f - a potion of might
 i - 4 potions of agility
 m - 2 potions of flight
 p - 2 potions of brilliance
 t - 3 potions of mutation
 w - 2 potions of curing
 B - a potion of haste
 F - 2 potions of lignification
Books
 b - a book of Conjurations

   Spells                             Type                      Level
   a - Magic Dart                     Conjuration                  1
   b - Searing Ray                    Conjuration                  2
   c - Dazzling Spray                 Conjuration/Hexes            3
   d - Fulminant Prism                Conjuration/Hexes            4
   e - Iskenderun's Mystic Blast      Conjuration                  4
   f - Iskenderun's Battlesphere      Conjuration/Charms           5
 K - the Volume of Shifting Stones
   (You found it on level 8 of the Dungeon)

   Spells                             Type                      Level
   a - Stoneskin                      Transmutation/Earth          2
   b - Stone Arrow                    Conjuration/Earth            3
   c - Spider Form                    Transmutation/Poison         3
   d - Petrify                        Transmutation/Earth          4
   e - Iron Shot                      Conjuration/Earth            6
Comestibles
 c - 10 bread rations
 d - 3 meat rations
 l - 3 slices of pizza
 r - 7 beef jerkies


   Skills:
 + Level 7.9 Dodging
 - Level 1.7 Stealth
 + Level 7.0 Spellcasting
 + Level 8.6 Conjurations


You had 12 spell levels left.
You knew the following spells:

 Your Spells              Type           Power        Failure   Level  Hunger
a - Magic Dart            Conj           ####         1%          1    None
b - Searing Ray           Conj           ######       2%          2    None
c - Iskenderun's Mystic   Conj           ######..     5%          4    ###....
d - Dazzling Spray        Conj/Hex       #####...     9%          3    None


Dungeon Overview and Level Annotations

Branches:
Dungeon (8/15)             Temple (0/1) D:6
   Lair: D:8-11

Annotations:
D:6 BLOAX's ghost, novice GrAs; Grinder


Innate Abilities, Weirdness & Mutations

You have an increased reservoir of magic (+10% MP).
Your attributes are resistant to harm.
You are highly resistant to hostile enchantments.
You passively map a small area around you.
You are robust (+10% HP).
Your spells are a little harder to cast, but a little more powerful.


Message History

There is a stone staircase leading down here.
The centaur warrior is no longer blind.
The centaur warrior barely misses you.
Casting: Searing Ray
Confirm with . or Enter, or press ? or * to list all spells.
Aiming: Dazzling Spray
Press: ? - help, Shift-Dir - straight line, f - centaur warrior
Aim: a centaur warrior, wielding a lajatang of protection (severely wounded)
The spray of energy hits the centaur warrior.
The centaur warrior is severely wounded.
The centaur warrior hits you with a lajatang of protection!
* * * LOW HITPOINT WARNING * * *
Casting: Dazzling Spray
Confirm with . or Enter, or press ? or * to list all spells.
Aiming: Dazzling Spray
Press: ? - help, Shift-Dir - straight line, f/p - centaur warrior
Aim: a centaur warrior, wielding a lajatang of protection (severely wounded)
The spray of energy hits the centaur warrior.
The centaur warrior is severely wounded.
The centaur warrior hits you with a lajatang of protection!
You die...

##### ######## #...# #......#
######...# #......#
#........####......############
#..............#...............
###.............@#............##.
.................c............#..
####..................##'####.#..
####.[......[[.[......##)# #.#..
......................##.# #.#..
.##...(###.#####......##.####(###
.##....#_#.####...............#
.##....#'#..................###
.######..รท#.................#


You could see a centaur warrior.

Vanquished Creatures
  A tengu conjurer (D:8)
  A hippogriff (D:4)
  Grum (D:8)
  2 wolves
  2 orc warriors (D:6)
  A water moccasin (D:7)
  An ice beast (D:7)
  3 phantoms
  A sky beast (D:7)
  2 centaurs
  6 ogres
  A wyvern zombie (D:7)
  Blork the orc (D:6)
  A giant frog (D:5)
  A big kobold (D:7)
  A killer bee (D:8)
  3 wights (D:7)
  2 crimson imps
  4 jellies
  3 orc priests
  A quasit (D:8)
  A gnoll shaman (D:6)
  4 hounds
  2 iguanas
  5 orc wizards
  7 worker ants
  A hound zombie (D:8)
  A hound skeleton (D:5)
  8 adders
  7 gnolls
  2 shadow imps
  An ooze (D:2)
  An adder skeleton (D:5)
  An adder zombie (D:7)
  3 worms (D:2)
  33 orcs
  7 bats
  7 giant cockroaches
  8 goblins
  9 hobgoblins
  2 jackals (D:1)
  18 kobolds
  5 quokkas
  A ball python (D:1)
  5 giant geckos
  A giant gecko zombie (D:5)
  10 giant newts
  2 quokka skeletons
  9 rats
200 creatures vanquished.

Vanquished Creatures (others)
  A killer bee (D:8)
1 creature vanquished.

Grand Total: 201 creatures vanquished

Notes
Turn   | Place    | Note
--------------------------------------------------------------
     0 | D:1      | st0uf the Demigod Conjurer began the quest for the Orb.
     0 | D:1      | Reached XP level 1. HP: 14/14 MP: 5/5
   648 | D:1      | Reached XP level 2. HP: 20/20 MP: 4/7
   854 | D:1      | Reached skill level 4 in Conjurations
  1355 | D:2      | Reached XP level 3. HP: 24/26 MP: 5/8
  1587 | D:2      | Learned a level 2 spell: Searing Ray
  2200 | D:2      | Reached XP level 4. HP: 31/33 MP: 7/10
  2862 | D:3      | Found a snail-covered altar of Cheibriados.
  2918 | D:2      | Reached XP level 5. HP: 9/38 MP: 1/11
  3453 | D:3      | Noticed a phantom
  3493 | D:3      | Killed a phantom
  3493 | D:3      | Reached skill level 5 in Conjurations
  3750 | D:3      | Found a radiant altar of Vehumet.
  3765 | D:3      | Found an opulent altar of Gozag.
  3765 | D:3      | Found a shimmering altar of Xom.
  3832 | D:3      | Noticed a phantom
  3993 | D:3      | Killed a phantom
  3993 | D:3      | Reached XP level 6. HP: 41/45 MP: 2/14
  4355 | D:4      | Learned a level 4 spell: Iskenderun's Mystic Blast
  4733 | D:4      | Found a bloodstained altar of Trog.
  4893 | D:4      | Reached XP level 7. HP: 33/50 MP: 3/16
  5166 | D:4      | Found a sacrificial altar of Ru.
  5306 | D:4      | Noticed a hippogriff
  5315 | D:4      | Killed a hippogriff
  5315 | D:4      | Reached skill level 6 in Conjurations
  5629 | D:5      | Entered Level 5 of the Dungeon
  6141 | D:5      | Reached skill level 5 in Dodging
  6970 | D:5      | Reached XP level 8. HP: 57/57 MP: 14/18
  7500 | D:6      | Reached skill level 5 in Spellcasting
  7569 | D:6      | Found a staircase to the Ecumenical Temple.
  7919 | D:6      | Noticed Blork the orc
  7931 | D:6      | Killed Blork the orc
  7931 | D:6      | Reached skill level 7 in Conjurations
  8471 | D:6      | Noticed Grinder
  8537 | D:6      | Noticed BLOAX's ghost (novice GrAs)
  9313 | D:7      | Reached XP level 9. HP: 62/62 MP: 16/21
  9529 | D:7      | Got an ichor-stained quarterstaff
  9542 | D:7      | Identified the +3 quarterstaff of Truth {holy, +Rage rC- rN+} (You found it on level 7 of the Dungeon)
  9664 | D:7      | Reached skill level 8 in Conjurations
  9730 | D:7      | Gained mutation: You are resistant to hostile enchantments. [mutagenic meat]
  9732 | D:7      | Gained mutation: Scrolls take you a little longer to read. [mutagenic meat]
  9733 | D:7      | Gained mutation: You are robust (+10% HP). [mutagenic meat]
  9734 | D:7      | Lost mutation: Scrolls take you a little longer to read. [mutagenic meat]
  9735 | D:7      | Gained mutation: You passively map a small area around you. [mutagenic meat]
  9820 | D:7      | Found a glowing silver altar of Zin.
 10150 | D:8      | Identified the Volume of Shifting Stones (You found it on level 8 of the Dungeon)
 10168 | D:8      | Gained mutation: You are highly resistant to hostile enchantments. [potion of beneficial mutation]
 10169 | D:8      | Gained mutation: Your spells are a little harder to cast, but a little more powerful. [potion of beneficial mutation]
 10248 | D:8      | Noticed Grum
 10258 | D:8      | Killed Grum
 10537 | D:8      | Noticed a centaur warrior
 10612 | D:7      | Learned a level 3 spell: Dazzling Spray
 10624 | D:7      | Mangled by a centaur warrior

Action                   |  1- 3 |  4- 6 |  7- 9 || total
-------------------------+-------+-------+-------++-------
Melee: Unarmed           |    10 |     4 |    25 ||    39
 Cast: Magic Dart        |    86 |    74 |    84 ||   244
       Searing Ray       |     4 |    31 |    63 ||    98
       Iskenderun's Myst |       |     3 |    36 ||    39
       Dazzling Spray    |       |       |     4 ||     4
  Use: Scroll            |       |       |    10 ||    10
       Potion            |       |       |     2 ||     2
  Eat: Chunk             |     5 |     9 |    29 ||    43
       Beef jerky        |       |       |     1 ||     1
